Unix NetHack Version 3.7.0-70 Work-in-progress - last build Jan 20 2023 02:37:49 (416de4da9be3a1557180d233d1398bca634ded6a,branch:master). Game began 2023-01-22 15:37:43, ended 2023-01-22 15:46:09. spontiff, neutral male gnomish Healer ----- |...| |...- |...| |..*.# |...| --|-- # # ##### ###### --|------------ |.............| |.............| ##########################h#0 |..<..........+##### --------------- Spontiff the Rhizotomist St:12 Dx:7 Co:15 In:8 Wi:15 Ch:18 Neutral S:134 Dlvl:3 $:1130 HP:0(15) Pw:5(5) AC:8 Xp:1/0 T:883 Latest messages: #arghno: unknown extended command. #bugger: unknown extended command. What do you want to use or apply? [h-jpsS or ?*] s In what direction? u You hear nothing special. What do you want to use or apply? [h-jpsS or ?*] s In what direction? n You hear nothing special. What do you want to use or apply? [h-jpsS or ?*] s In what direction? y You hear nothing special. What do you want to use or apply? [h-jpsS or ?*] s In what direction? k You hear nothing special. What do you want to zap? [pS or ?*] p In what direction? . Gee! All of a sudden, you can't see yourself. The hobbit shoots a rock! You are hit by a rock. The hobbit shoots a rock! You are almost hit by a rock. u - a rock (2 in total). The hobbit shoots a rock! You are hit by a rock. u - a rock (3 in total). You try to move the boulder, but in vain. You try to move the boulder, but in vain. What do you want to use or apply? [h-jpsS or ?*] s In what direction? u You hear nothing special. What do you want to use or apply? [h-jpsS or ?*] s In what direction? n You hear nothing special. What do you want to use or apply? [h-jpsS or ?*] s In what direction? y You hear nothing special. What do you want to use or apply? [h-jpsS or ?*] s In what direction? b You hear nothing special. You are empty handed. k - an uncursed +0 scalpel (alternate weapon; not wielded). Talk to whom? (in what direction) . Talking to yourself is a bad habit for a dungeoneer. The hobbit swings his sling. The hobbit hits! The hobbit swings his sling. The hobbit hits! You die... Do you want your possessions identified? [ynq] (y) y Do you want to see the dungeon overview? [ynq] (y) q Inventory: Coins $ - 1130 gold pieces Weapons k - an uncursed +0 scalpel (alternate weapon; not wielded) Armor g - a blessed +1 pair of leather gloves (being worn) Comestibles y - 6 uncursed apples n - 2 uncursed food rations Spellbooks i - a blessed spellbook of extra healing h - a blessed spellbook of healing j - a blessed spellbook of stone to flesh Potions r - an uncursed potion of booze C - 4 uncursed potions of extra healing c - 2 blessed potions of healing m - an uncursed potion of healing t - a blessed potion of levitation e - an uncursed potion of water Wands p - an uncursed wand of make invisible (0:5) S - an uncursed wand of sleep (0:6) Tools s - an uncursed stethoscope Gems/Stones o - an uncursed jasper stone q - an uncursed worthless piece of red glass u - 3 uncursed rocks Spontiff the Healer's attributes: Background: You were a Rhizotomist, a level 1 male gnomish Healer. You were neutral, on a mission for Hermes who was opposed by Athena (lawful) and Poseidon (chaotic). You were in the Dungeons of Doom, on level 3. You entered the dungeon 883 turns ago. There was a new moon in effect when your adventure ended. You had 0 experience points, 20 were needed to attain level 2. Your score was 134 before end-of-game adjustments. Basics: You had 0 out of 15 hit points. You had all 5 energy points (spell power). Your armor class was 8. Your wallet contained 1130 zorkmids. Autopickup was on for '$!/="?' plus thrown, with exceptions. Final Characteristics: Your strength was 12 (limit:18/50). Your dexterity was 7 (limit:18). Your constitution was 15 (limit:18). Your intelligence was 8 (limit:19). Your wisdom was 15 (limit:18). Your charisma was 18 (limit:18). Final Status: You were not hungry. You were unencumbered. You were empty handed. You were unskilled in bare handed combat. Final Attributes: You were fervently aligned. You were poison resistant. You had infravision. You were invisible. You are dead. Miscellaneous: You never encountered a bones level. Total elapsed playing time was 8 minutes and 26 seconds. Major events: Turn 1: spontiff the neutral male gnomish Healer entered the dungeon 578: entered the Gnomish Mines 883: killed by a hobbit Vanquished creatures: a jackal 5 grid bugs 2 lichens a kobold zombie 9 creatures vanquished. No species were genocided or became extinct. Voluntary challenges: You never hit with a wielded weapon. You were a pacifist. You were illiterate. You never engraved Elbereth. You never genocided any monsters. You never polymorphed an object. You never changed form. You used no wishes. Achievement: You entered the Gnomish Mines. The Dungeons of Doom: levels 1 to 3 Level 1: Some fountains, a grave. Level 2: Some fountains. Stairs down to The Gnomish Mines. Level 3: <- You were here. Final resting place for you, killed by a hobbit. The Gnomish Mines: Level 3: Game over: ---------- / \ / REST \ / IN \ / PEACE \ / \ | spontiff | | 1130 Au | | killed by a | | hobbit | | | | | | 2023 | *| * * * | * _________)/\\_//(\/(/\)/\//\/|_)_______ Goodbye spontiff the Healer... You died in The Dungeons of Doom on dungeon level 3 with 131 points, and 1130 pieces of gold, after 883 moves. You were level 1 with a maximum of 15 hit points when you died.